 Dungeon Crawl Stone Soup version 0.29-a0-824-gd827844252 (webtiles) character file.

Game seed: 16263578132547962344

114 coolguy69 the Trooper (level 4, 0/24 HPs)
             Began as a Vine Stalker Monk on July 10, 2022.
             Succumbed to an orc's poison
             ... on level 3 of the Dungeon.
             The game lasted 00:03:44 (2896 turns).

coolguy69 the Trooper (Vine Stalker Monk)           Turns: 2896, Time: 00:03:45

Health: 0/24       AC:  4    Str: 14    XL:     4   Next: 97%
Magic:  3/5        EV: 13    Int:  9    God:
Gold:   175        SH:  0    Dex: 21    Spells: 3/3 levels left

rFire   . . .      SeeInvis .   a - +0 short sword
rCold   . . .      Faith    .   (no shield)
rNeg    . . .      Spirit   +   l - +0 leather armour
rPois   .          Reflect  .   q - +0 helmet
rElec   .          Harm     .   (no cloak)
rCorr   .          Rampage  .   (no gloves)
Will    .....                   (no boots)
Stlth   +++.......              (no amulet)
HPRegen 0.88/turn               (no ring)
MPRegen 0.09/turn               (no ring)

@: lethally poisoned (0 -> -3), hasted, very quick
A: fangs 2, regeneration 1, magic shield, antimagic bite, no potion heal 2,
claws 1, agile 1, devolution 1
a: no special abilities


You were on level 3 of the Dungeon.
You visited 1 branch of the dungeon, and saw 3 of its levels.

You collected 175 gold pieces.

Inventory:

Hand Weapons
 a - a +0 short sword (weapon)
Missiles
 p - a throwing net (quivered)
Armour
 l - a +0 leather armour (worn)
 q - a +0 helmet (worn)
Scrolls
 d - 3 scrolls of identify {unknown}
 e - a scroll of silence {unknown}
 j - 3 scrolls of teleportation {unknown}
 n - a scroll of torment {unknown}
 r - 2 scrolls of vulnerability {unknown}
Potions
 c - a potion of ambrosia
 g - a potion of invisibility {unknown}
 h - a potion of might {unknown}
 i - a potion of lignification {unknown}
 k - 2 potions of cancellation {unknown}
 m - a potion of degeneration {unknown}
 o - a potion of attraction {unknown}
 s - a potion of curing {unknown}


   Skills:
 + Level 3.5 Fighting
 + Level 3.3 Short Blades
 + Level 0.7 Armour
 + Level 3.0 Dodging
 + Level 3.4 Stealth


You had 3 spell levels left.
You didn't know any spells.
Your spell library contained the following spells:

 Spells                   Type           Power      Damage    Failure   Level
 Call Canine Familiar     Summ           0%         N/A       83%         3
 Ozocubu's Armour         Ice            0%         N/A       83%         3
 Portal Projectile        Hex/Tloc       0%         N/A       83%         3
 Leda's Liquefaction      Hex/Erth       0%         N/A       99%         4
 Lee's Rapid Deconstruct  Erth           0%         3d5*      100%        5
 Statue Form              Tmut/Erth      0%         N/A       100%        6
 Ozocubu's Refrigeration  Ice            0%         4d5       100%        7


Dungeon Overview and Level Annotations

Branches:
Dungeon (3/15)

Altars:
Cheibriados

Shops:
D:2 (


Innate Abilities, Weirdness & Mutations

You have extremely sharp teeth.
Your natural rate of healing is unusually fast.
When hurt, damage is shared between your health and your magic reserves.
Your bite disrupts and absorbs the magic of your enemies.
Potions cannot restore your health.
You have sharp fingernails.
You are agile. (Dex +4, Str/Int -1)
You have hidden genetic defects.


Message History

You feel very sick.
You feel very sick. The orc priest misses you.
Things that are here:
a +2 dagger of venom; an orc corpse You are too injured to fight recklessly!
You are too injured to fight recklessly!
You are too injured to fight recklessly!
You are too injured to fight recklessly!
You are too injured to fight recklessly!
You are too injured to fight recklessly!
You hit the orc priest. Your bite misses the orc priest.
The orc priest is lightly wounded.
You feel very sick. The orc priest closely misses you.
You hit the orc priest.
The orc priest is moderately wounded.
You feel sick.
You barely miss the orc priest.
The orc priest is moderately wounded.
* * * LOW HITPOINT WARNING * * *
You feel very sick. The orc priest misses you.
You hit the orc priest.
The orc priest is heavily wounded.
* * * LOW HITPOINT WARNING * * *
You feel sick.
You hit the orc priest but do no damage.
The orc priest is heavily wounded.
* * * LOW HITPOINT WARNING * * *
You feel sick. The orc priest hits you with a +0 club.
* * * LOW HITPOINT WARNING * * *
You hit the orc priest.
The orc priest is almost dead.
* * * LOW HITPOINT WARNING * * *
You feel sick.
The orc priest hits you but does no damage.
You hit the orc priest.
You kill the orc priest!
You die...

#......†.##..........###
#.............##...#....
#.........##############
#........## #........# .
#........# #.. #.....>..#
#.. #........# #..
######.@)# #..
############.# ###.. ...
##..........#.#####.....#
.. ##.[.................#
#...............###### #
#...................## ..
#..............####..#.##
#........................
#..............###.......


There were no monsters in sight!

Vanquished Creatures
  An orc priest (D:3)
  Robin (D:2)
  3 adders (D:2)
  A dart slug (D:1)
  2 orcs (D:3)
  6 ball pythons
  5 endoplasms
  5 giant cockroaches
  10 goblins
  7 hobgoblins
  6 jackals (D:1)
  3 quokkas
  4 bats
  2 frilled lizards
  4 kobolds
  5 rats
65 creatures vanquished.

Notes
Turn   | Place    | Note
-------+----------+-------------------------------------------
     0 | D:1      | coolguy69 the Vine Stalker Monk began the quest for the
                  | Orb.
     0 | D:1      | Reached XP level 1. HP: 11/11 MP: 2/2
   104 | D:1      | Reached XP level 2. HP: 1/16 MP: 3/3
   878 | D:1      | Reached XP level 3. HP: 8/20 MP: 4/4
  1633 | D:2      | Found Fiseighav's Antique Weapon Shop.
  1855 | D:2      | Found a faded altar of an unknown god.
  2121 | D:2      | Gained mutation: Your natural rate of healing is unusually
                  | fast. [Vine Stalker growth]
  2121 | D:2      | Reached XP level 4. HP: 10/24 MP: 3/5
  2480 | D:3      | Noticed Robin
  2567 | D:2      | Killed Robin
  2769 | D:3      | Found a snail-covered altar of Cheibriados.
  2885 | D:3      | Gained mutation: You have sharp fingernails. [potion of
                  | mutation]
  2885 | D:3      | Gained mutation: You have hidden genetic defects. [potion
                  | of mutation]
  2885 | D:3      | Gained mutation: You are agile. (Dex +4, Str/Int -1)
                  | [potion of mutation]
  2896 | D:3      | Succumbed to an orc's poison

Illustrated notes

Levels and vault maps discovered:
D:1:      dpeg_arrival_arbitrary_b, layout_basic, minmay_stone_trees_small,
          serial_bayou_pond_d
D:2:      layout_basic, ebering_ecumenical_altar_webs, serial_shops,
          nicolae_shop_temple_entry_statues_fountains
D:3:      layout_rooms, nicolae_uskayaw_en_pointe,
          mainiacjoe_overflow_tiny_flanked, minmay_cupped, uniq_robin

Skill      XL: |  1  2  3  4 |
---------------+-------------+-----
Fighting       | 3 |  3.5
Short Blades   | 3 |  3.3
Stealth        | 3 |  3.4
Dodging        | 3 |  3.0
Armour         | |  0.7

Action                   |  1- 3 |  4- 6 || total
-------------------------+-------+-------++-------
Melee: Short sword       |   110 |    79 ||   189
       Bite              |    25 |    19 ||    44
       Punch             |     3 |       ||     3
  Use: Potion            |       |     2 ||     2
 Stab: Sleeping          |     9 |     2 ||    11
Armor: Robe              |    23 |       ||    23
       Leather armour    |     4 |    22 ||    26
Dodge: Dodged            |    74 |    76 ||   150

Table legend: (Time is in decaauts)
 A = Elapsed time spent in this place.
 B = Non-inter-level travel time spent in this place.
 C = Inter-level travel time spent in this place.
 D = Time resting spent in this place.
 E = Time spent auto-exploring this place.
 F = Levels seen in this place.
 G = Mean time per level.
                   A        B        C        D        E       F      G
               +--------+--------+--------+--------+--------+-----+--------+
         Total |   2888 |   2827 |     61 |    652 |   1714 |   3 |  962.7 |
       Dungeon |   2888 |   2827 |     61 |    652 |   1714 |   3 |  962.7 |
               +--------+--------+--------+--------+--------+-----+--------+

Top non-repeatable levels by time:
     D:1: 1608 daAuts
     D:2: 969 daAuts
     D:3: 310 daAuts
